 Dungeon Crawl Stone Soup version 0.24.0-37-gcf1ca852f1 (webtiles) character file.

Game seed: 12123838814837685453, levelgen mode: deterministic

347 Gumption the Sneak (level 6, -2/36 HPs)
             Began as an Octopode Conjurer on Nov 26, 2019.
             Was an Initiate of Kikubaaqudgha.
             Slain by trianova's ghost (10 damage)
             ... on level 4 of the Dungeon.
             The game lasted 00:29:10 (5123 turns).

Gumption the Sneak (Octopode Conjurer)              Turns: 5123, Time: 00:29:11

Health: -2/36      AC:  1    Str:  7    XL:     6   Next: 59%
Magic:  9/11       EV: 14    Int: 19    God:    Kikubaaqudgha [......]
Gold:   107        SH:  3    Dex: 13    Spells: 2/12 levels left

rFire    + . .     SeeInvis .   a - +1 dagger (vamp)
rCold    . . .     Gourm    .   s - +0 buckler
rNeg     . . .     Faith    .   (helmet restricted)
rPois    .         Spirit   .   u - amulet of regeneration
rElec    .         Reflect  .   h - ring of protection from fire
rCorr    .         Harm     .   o - ring of wizardry
MR       .....                  (no ring)
Stlth    ++++......             (no ring)
HPRegen  0.52/turn              (no ring)
MPRegen  0.12/turn              (no ring)
                                (no ring)
                                (no ring)

@: no status effects
A: almost no armour, stealthy swim, amphibious, 8 rings, constrict 8, camouflage
1, gelatinous body 1
a: Renounce Religion


You were on level 4 of the Dungeon.
You worshipped Kikubaaqudgha.
Kikubaaqudgha was noncommittal.
You were hungry.

You visited 1 branch of the dungeon, and saw 5 of its levels.

You collected 107 gold pieces.

Inventory:

Hand Weapons
 a - a +1 vampiric dagger (weapon)
 b - a +0 trident
 r - a +1 antimagic dagger
Missiles
 f - 10 poisoned darts (quivered)
 j - 130 stones
 p - 23 sling bullets
Armour
 d - a cursed +1 large shield
 s - a +0 buckler (worn)
Jewellery
 h - a ring of protection from fire (left tentacle)
 o - a ring of wizardry (right tentacle)
 u - an amulet of regeneration (around mantle)
Wands
 g - a wand of iceblast (10)
 q - a wand of flame (16)
Scrolls
 m - 2 scrolls of remove curse
 x - 2 scrolls of blinking
 y - a scroll of enchant armour
Potions
 c - a potion of lignification
 i - a potion of heal wounds {unknown}
 k - a potion of resistance {unknown}
 l - 2 potions of agility {unknown}
 n - 2 potions of magic
 t - a potion of brilliance {unknown}
 v - a potion of curing {unknown}
 z - a potion of haste {unknown}
Comestibles
 e - 7 rations


   Skills:
 + Level 3.5 Dodging
 + Level 5.1 Stealth
 + Level 0.6 Shields
 * Level 3.7 Spellcasting
 + Level 5.0 Conjurations


You had 2 spell levels left.
You knew the following spells:

 Your Spells              Type           Power        Failure   Level  Hunger
a - Magic Dart            Conj           ###.         1%          1    None
b - Searing Ray           Conj           ###...       1%          2    ##.....
c - Dazzling Spray        Conj/Hex       ##....       9%          3    ###....
d - Iskenderun's Mystic   Conj           ###.....     11%         4    ####...

Your spell library contained the following spells:

 Spells                   Type           Power        Failure   Level  Hunger
 Force Lance              Conj/Tloc      ##......     28%         4    ####...
 Fulminant Prism          Conj/Hex       ##........   28%         4    ####...


Dungeon Overview and Level Annotations

Branches:
Dungeon (5/15)
 Temple: D:4-7

Altars:
Kikubaaqudgha

Annotations:
D:2 1 runed translucent door, Crazy Yiuf, Terence
D:4 trianova's ghost, novice NaTm


Innate Abilities, Weirdness & Mutations

You cannot wear most types of armour.
You are very stealthy in the water. (Stealth+)
You are amphibious.
You can wear up to eight rings at the same time.
You can use your tentacles to constrict eight enemies at once.
Your skin changes colour to match your surroundings (Stealth+).
Your rubbery body absorbs attacks. (AC +1, EV +1)


Message History

You block trianova's ghost's attack.
You hit trianova's ghost.
Trianova's ghost is lightly damaged.
Trianova's ghost completely misses you.
You closely miss trianova's ghost.
Trianova's ghost is lightly damaged.
Trianova's ghost hits you.
You barely miss trianova's ghost. You squeeze trianova's ghost!
Trianova's ghost is moderately damaged.
Trianova's ghost hits you!
* * * LOW HITPOINT WARNING * * *
You hit trianova's ghost.
Trianova's ghost is moderately damaged.
Trianova's ghost hits you!
* * * LOW HITPOINT WARNING * * *
You closely miss trianova's ghost.
Trianova's ghost is moderately damaged.
Trianova's ghost hits you!
You die...
Kikubaaqudgha rasps: "You have failed me!
Welcome... death!"

................##.....####.##
....†...[....#...........#...#
............#[.............#.###
.................##..#.........#
.....#...........#....####.....##
#..####..............[...##.....#
...##.....................#.....#
#............#...#........#..)..#
............###.@.#...##÷####)..#
............# ##W###..#........##
............###.≈.#..#..........#
.......#.#....#.≈.#....##..#....#
......÷#.#....#.≈.##...##########
..............#.≈.###..#
..............#.).# ####
#.............######
###.............##.#


You could see trianova's ghost.

Vanquished Creatures
  An orc priest (D:4)
  An orc wizard (D:4)
  4 worker ants (D:4)
  A hound skeleton (D:3)
  8 adders
  An ooze (D:1)
  A worm (D:4)
  A dart slug (D:1)
  A leopard gecko (D:2)
  15 orcs
  2 bat zombies (D:4)
  3 giant cockroaches
  5 hobgoblins
  11 jackals
  12 kobolds
  2 quokkas
  2 ball pythons (D:3)
  7 bats
  2 frilled lizards
  5 goblins
  A jackal skeleton (D:4)
  A leopard gecko skeleton (D:4)
  6 rats
  A rat zombie (D:4)
94 creatures vanquished.

Notes
Turn   | Place    | Note
-------+----------+-------------------------------------------
     0 | D:1      | Gumption the Octopode Conjurer began the quest for the Orb.
     0 | D:1      | Reached XP level 1. HP: 11/11 MP: 3/3
   307 | D:1      | Reached XP level 2. HP: 14/17 MP: 1/5
   351 | D:1      | Learned a level 2 spell: Searing Ray
   949 | D:1      | Reached XP level 3. HP: 17/21 MP: 2/6
  1709 | D:2      | Noticed Terence
  1763 | D:2      | Found a runed translucent door.
  1764 | D:2      | Noticed Crazy Yiuf
  1849 | D:2      | Reached XP level 4. HP: 27/27 MP: 3/7
  3346 | D:3      | Reached XP level 5. HP: 23/31 MP: 1/9
  3941 | D:3      | Learned a level 3 spell: Dazzling Spray
  4045 | D:4      | Learned a level 4 spell: Iskenderun's Mystic Blast
  4087 | D:4      | Found a runed translucent door.
  4088 | D:4      | Noticed trianova's ghost (novice NaTm)
  4294 | D:4      | Reached XP level 6. HP: 22/36 MP: 6/11
  4390 | D:4      | Reached skill level 5 in Conjurations
  4524 | D:4      | Reached skill level 5 in Stealth
  4588 | D:4      | You fall into a shaft and drop 1 floor!
  4588 | D:5      | Entered Level 5 of the Dungeon
  5022 | D:4      | Found an ancient bone altar of Kikubaaqudgha.
  5031 | D:4      | Became a worshipper of Kikubaaqudgha
  5123 | D:4      | Slain by trianova's ghost

Levels and vault maps discovered:
D:1:      elethiomel_arrival_shortcut, layout_basic
D:2:      layout_loops_ring, uniq_terence, uniq_crazy_yiuf_cottage
D:3:      layout_loops_corners
D:4:      layout_cave_pools, lemuel_zombie_altar_kikubaaqudgha,
          ebering_ghost_reflecting_pool
D:5:      layout_cave_pools, first_ration, uniq_blork_the_orc

Skill      XL: |  1  2  3  4  5  6 |
---------------+-------------------+-----
Stealth        | 3 4 5 |  5.1
Dodging        | 3 |  3.5
Spellcasting   | 3 |  3.7
Conjurations   | 5 |  5.0
Shields        | |  0.6

Action                   |  1- 3 |  4- 6 || total
-------------------------+-------+-------++-------
Melee: Unarmed           |    36 |       ||    36
       Constrict         |    17 |    10 ||    27
       Tentacles         |    10 |    14 ||    24
       Mace              |    20 |     5 ||    25
       Dagger            |       |    48 ||    48
 Cast: Magic Dart        |    46 |   154 ||   200
  Use: Scroll            |       |     8 ||     8
 Stab: Sleeping          |     3 |       ||     3
  Eat: Chunk             |     3 |    10 ||    13
Armor: Skin              |     8 |     3 ||    11
Dodge: Dodged            |    57 |    31 ||    88
Block: Buckler           |       |     3 ||     3
